 Dungeon Sprint DCSS version 0.29.0-11-gd7f09526c8 (webtiles) character file.

Game seed: 6404728889348847803

38 Zeld the Chopper (level 3, -1/54 HPs)
             Began as a Minotaur Berserker on Sept 6, 2022.
             Was a Priest of Trog.
             Slain by an ice beast (3 damage)
             ... in the Dungeon (Sprint IX: "|||||||||||||||||||||||||||||").
             The game lasted 00:00:08 (85 turns).

Zeld the Chopper (Minotaur Berserker)                 Turns: 85, Time: 00:00:09

Health: -1/54      AC:  2    Str: 23    XL:     3   Next: 25%
Magic:  2/2        EV: 12    Int:  4    God:    Trog [***...]
Gold:   0          SH:  0    Dex:  9    Spells: 2/2 levels left

rFire   . . .      SeeInvis .   a - +0 hand axe
rCold   . . .      Faith    .   (no shield)
rNeg    . . .      Spirit   .   b - +0 animal skin
rPois   .          Reflect  .   (helmet restricted)
rElec   .          Harm     .   (no cloak)
rCorr   .          Rampage  .   (no gloves)
Will    .....      NoTele   +   (no boots)
Stlth   ..........              (no amulet)
HPRegen 0.18/turn               (no ring)
MPRegen 0.08/turn               (no ring)

@: berserking (expiring), very quick
A: horns 2, retaliatory headbutt
a: Renounce Religion, Berserk, Trog's Hand


You were in the Dungeon.
You worshipped Trog.
Trog was most pleased with you.
You visited 1 branch

Inventory:

Hand Weapons
 a - a +0 hand axe (weapon)
Armour
 b - a +0 animal skin (worn)
Scrolls
 h - a scroll of blinking
Potions
 c - a potion of curing
 d - a potion of heal wounds
 e - a potion of haste
 f - 2 potions of magic
 g - a potion of berserk rage


   Skills:
 + Level 5.0 Fighting
 * Level 6.1 Axes
 + Level 4.1 Armour
 + Level 3.8 Dodging


You had 2 spell levels left.
You didn't know any spells.
Your spell library was empty.

Dungeon Overview and Level Annotations

Branches:
Dungeon (1/1)

Altars:


Innate Abilities, Weirdness & Mutations

You have a pair of horns on your head.
You reflexively headbutt those who attack you in melee.


Message History

You feel the power of Trog in you as your rage grows.
You kill the adder!
Trog accepts your kill.
Your Armour skill increases to level 4!
You have reached level 3!
Your experience leads to an increase in your attributes!
Increase (S)trength, (I)ntelligence, or (D)exterity?
You feel stronger. x2
Unknown command.
The white imp hits you but does no damage.
There is an open door here.
You see here an adder corpse.
You slash the white imp!
You kill the white imp!
Trog accepts your kill.
Your Fighting skill increases to level 5!
Your Axes skill increases to level 6!
The ice beast hits you. The ice beast freezes you!
* * * LOW HITPOINT WARNING * * *
Unknown command.
You are too injured to fight recklessly!
You barely miss the ice beast. Your headbutt misses the ice beast.
Unknown command.
You slash the ice beast!
The ice beast is moderately wounded.
The ice beast hits you.
* * * LOW HITPOINT WARNING * * *
The ice beast freezes you!
* * * LOW HITPOINT WARNING * * *
You are too injured to fight recklessly!
You are too injured to fight recklessly!
You closely miss the ice beast.
The ice beast is moderately wounded.
The ice beast barely misses you. You furiously retaliate!
You headbutt the ice beast!
Unknown command.
You hit the ice beast. Your punch misses the ice beast.
The ice beast is almost dead.
The ice beast hits you.
You die...

▓.▓
▓'▓
▓.▓
▓.▓
▓†▓
▓.▓
▓.▓
▓†▓
▓@▓
▓Y▓
▓.▓
▓.▓
▓.▓
▓+▓


You could see an ice beast.

Vanquished Creatures
  2 adders (D)
  A white imp (D)
  An ufetubus (D)
  A dart slug (D)
  A ball python (D)
  An endoplasm (D)
  A hobgoblin (D)
  A rat (D)
9 creatures vanquished.

Notes
Turn   | Place    | Note
-------+----------+-------------------------------------------
     0 | D        | Zeld the Minotaur Berserker began the quest for the Orb.
     0 | D        | Reached XP level 1. HP: 19/19 MP: 0/0
     5 | D        | Reached skill level 4 in Axes
     6 | D        | Reached ** piety under Trog
    67 | D        | Noticed an ice beast
    73 | D        | Reached skill level 5 in Axes
    73 | D        | Reached XP level 2. HP: 18/28 MP: 1/1
    73 | D        | Reached *** piety under Trog
    79 | D        | Reached XP level 3. HP: 28/35 MP: 2/2
    81 | D        | Reached skill level 5 in Fighting
    81 | D        | Reached skill level 6 in Axes
    83 | D        | HP: 1/54 [ice beast (12)]
    85 | D        | Slain by an ice beast

Illustrated notes

Levels and vault maps discovered:
D:        linesprint [early_d, line_temple, items_1, d_10, items_2, lair_1,
          lair_end, items_3, orc_1, orc_end, items_4, d_15, swamp_1, shoals_1,
          snake_1, spider_1, d_20, vaults_1, items_5, swamp_end, shoals_end,
          snake_end, spider_end, vaults_end, d_27, items_6, zot_1, zot_end,
          crypt_end, forest_end, elf_end, slime_end, tomb_end, abyss_end,
          pan_hell_end]

Skill      XL: |  1  2  3 |
---------------+----------+-----
Axes           | 5 6 |  6.1
Fighting       | 4 5 |  5.0
Armour         | 3 4 |  4.1
Dodging        | 3 |  3.8

Action                   || total
-------------------------++-------
Melee: Hand axe          ||    21
       Headbutt          ||     3
Invok: Berserk           ||     1
Armor: Animal skin       ||     3
Dodge: Dodged            ||    13
